 Dungeon Crawl Stone Soup version 0.29-a0-1027-gcd8c55af63 (webtiles) character file.

Game seed: 7635341826224213332

1356 porpoise the Covert (level 8, -4/52 HPs)
             Began as an Octopode Venom Mage on Aug 14, 2022.
             Was an Initiate of Gozag.
             Slain by an ice beast (12 damage)
             ... on level 6 of the Dungeon.
             The game lasted 00:29:04 (8298 turns).

porpoise the Covert (Octopode Venom Mage)           Turns: 8298, Time: 00:29:05

Health: -4/52      AC:  1    Str: 12    XL:     8   Next: 64%
Magic:  8/13       EV: 12    Int: 20    God:    Gozag
Gold:   411        SH:  3    Dex: 12    Spells: 4/14 levels left

rFire   + . .      SeeInvis .   a - +2 short sword of Demaloh {holy, rF+ Str+5 Stlth-}
rCold   . . .      Faith    .   q - +0 buckler
rNeg    . . .      Spirit   .   (helmet restricted)
rPois   .          Reflect  .   (no amulet)
rElec   .          Harm     .   (no ring)
rCorr   .          Rampage  .   (no ring)
Will    .....                   (no ring)
Stlth   ++++......              (no ring)
HPRegen 0.17/turn               (no ring)
MPRegen 0.13/turn               (no ring)
                                (no ring)
                                (no ring)

@: radiating poison, studying Staves
A: almost no armour, amphibious, 8 rings, camouflage 1, gelatinous body 1,
(nimble swimmer 1), tentacles
a: Renounce Religion, Potion Petition, Call Merchant, Bribe Branch


You were on level 6 of the Dungeon.
You worshipped Gozag.
Gozag was aware of your devotion.
You visited 1 branch of the dungeon, and saw 6 of its levels.

You collected 934 gold pieces.
You spent 502 gold pieces at shops.
You paid 21 gold pieces to Gozag.

Inventory:

Hand Weapons
 a - the +2 short sword of Demaloh (weapon) {holy, rF+ Str+5 Stlth-}
   (You bought it in a shop on level 4 of the Dungeon)

   It has been blessed by the Shining One to cause great damage to the undead
   and demons.
   Str:       It affects your strength (+5).
   rF:        It protects you from fire.
   Stlth:     It makes you less stealthy.
 b - a +0 sling
 w - a +1 dagger of draining
 y - a +0 whip of venom
Missiles
 g - 13 poisoned darts
 x - a throwing net
Armour
 q - a +0 buckler (worn)
Magical Staves
 E - a staff of conjuration
Jewellery
 u - an amulet of guardian spirit
 C - the amulet of Elemental Vulnerability {rPois rF-- rC-- AC+8}
   (You found it on level 6 of the Dungeon)

   [amulet of nothing]

   AC:        It affects your AC (+8).
   rF:        It makes you very vulnerable to fire.
   rC:        It makes you very vulnerable to cold.
   rPois:     It protects you from poison.
Scrolls
 c - 3 scrolls of poison
 e - 2 scrolls of summoning
 f - 2 scrolls of teleportation
 i - 3 scrolls of enchant weapon {unknown}
 j - a scroll of amnesia {unknown}
 l - a scroll of blinking
 m - a scroll of enchant armour
 o - a scroll of noise
 p - 2 scrolls of immolation {unknown}
 r - 2 scrolls of vulnerability {unknown}
 s - a scroll of fear {unknown}
 t - a scroll of torment
 v - a scroll of fog {unknown}
 B - 2 scrolls of magic mapping {unknown}
 D - a scroll of identify
Potions
 d - a potion of magic
 h - 5 potions of curing
 k - a potion of might
 n - 2 potions of invisibility
 z - 2 potions of heal wounds
 A - 2 potions of haste


   Skills:
 + Level 3.2 Fighting
 - Level 2.0 Dodging
 + Level 8.3 Stealth
 + Level 3.7 Spellcasting
 - Level 5.0 Transmutations
 - Level 7.0 Poison Magic


You had 4 spell levels left.
You knew the following spells:

 Your Spells              Type           Power      Damage    Failure   Level
a - Sting                 Tmut/Pois      100%       1d8       1%          1
b - Poisonous Vapours     Pois/Air       34%        N/A       6%          2
c - Mephitic Cloud        Conj/Pois/Air  13%        N/A       21%         3
o - Olgreb's Toxic Radia  Pois           31%        N/A       10%         4

Your spell library contained the following spells:

 Spells                   Type           Power      Damage    Failure   Level
 Wereblood                Tmut           23%        N/A       3%          2
 Sublimation of Blood     Necr           3%         N/A       26%         2
 Tukima's Dance           Hex            3%         N/A       47%         3
 Passage of Golubria      Tloc           3%         N/A       87%         4
 Yara's Violent Unravell  Hex/Tmut       6%         3d5       87%         5
 Summon Hydra             Summ           1%         N/A       100%        7


Dungeon Overview and Level Annotations

Branches:
Dungeon (6/15)             Temple (0/1) D:4

Altars:
Cheibriados
Gozag
Okawaru
Sif Muna

Shops:
D:3 ?   D:4 (   D:6 *

Annotations:
D:3 exclusion: upstairs
D:4 3 runed translucent doors, Sabo's ghost, amateur OpCj


Innate Abilities, Weirdness & Mutations

You cannot wear most types of armour.
You are amphibious.
You can wear up to eight rings at the same time.
Your skin changes colour to match your surroundings (Stealth+).
Your rubbery body absorbs attacks. (AC +1, EV +1)
((You are camouflaged when in or above water. (Stealth+)))
You have tentacles for arms and can constrict up to eight enemies at once.


Message History

The ice beast misses you.
Casting: Olgreb's Toxic Radiance (dangerous; 10% risk of failure)
Confirm with . or Enter, or press ? or * to list all spells.
Aiming: Sting (safe; 1% risk of failure)
Press: ? - help, Shift-Dir - straight line, f/p - ice beast
Aim: an ice beast (heavily wounded, 78% to hit)
The sting hits the ice beast.
The ice beast partially resists.
The ice beast is poisoned.
The ice beast is heavily wounded.
The ice beast closely misses you. The ice beast attacks as you move away!
The ice beast misses you. The ice beast attacks as you move away!
The ice beast hits you.
* * * LOW HITPOINT WARNING * * *
The ice beast freezes you!
* * * LOW HITPOINT WARNING * * *
Casting: Sting (safe; 1% risk of failure)
Confirm with . or Enter, or press ? or * to list all spells.
Okay, then.
Unknown command.
You feel much better.
The ice beast hits you but does no damage.
You closely miss the ice beast.
The ice beast is severely wounded.
The ice beast completely misses you.
You hit the ice beast but do no damage.
You squeeze the ice beast, but do no damage.
The ice beast is severely wounded.
The ice beast hits you. The ice beast freezes you!
* * * LOW HITPOINT WARNING * * *
You aren't carrying any items that you can evoke.
Unknown command.
Unknown command.
Casting: Sting (safe; 1% risk of failure)
Confirm with . or Enter, or press ? or * to list all spells.
You begin to radiate toxic energy.
The ice beast looks more healthy.
The ice beast hits you.
* * * LOW HITPOINT WARNING * * *
The ice beast freezes you!
You die...
Your body crumbles into a pile of gold.

.##.......##.....##.........#
.##...##..##....<...........#
.##.#......#....##..........#
....#..#.###...........#.<..#
.......................#....#
....##...####..........#....#
.######..####.....[....#.####
.# #........#..............
.# #........####@..####....#
.# #....>.......Y..........#
.########...####...#.......#
.... ##### #...#.......# ....
....# ... ..# .... ..........
.... ......... ...
............ .. .............


You could see an ice beast.

Vanquished Creatures
  Sigmund (D:5)
  3 black bears
  2 ogres (D:4)
  A centaur (D:5)
  A phantom (D:5)
  A necrophage (D:6)
  2 scorpions
  A hound (D:6)
  An orc priest (D:6)
  An iguana (D:5)
  An orc wizard (D:6)
  3 gnolls (D:3)
  7 adders
  4 ufetubi
  2 worms
  A dart slug (D:2)
  20 orcs
  11 ball pythons
  5 bats
  8 endoplasms
  4 giant cockroaches
  5 goblins
  4 hobgoblins
  4 jackals
  11 kobolds
  7 quokkas
  4 frilled lizards
  A rat (D:1)
116 creatures vanquished.

Vanquished Creatures (collateral kills)
  An ice beast (D:5)
1 creature vanquished.

Grand Total: 117 creatures vanquished

Notes
Turn   | Place    | Note
-------+----------+-------------------------------------------
     0 | D:1      | porpoise the Octopode Venom Mage began the quest for the
                  | Orb.
     0 | D:1      | Reached XP level 1. HP: 11/11 MP: 3/3
   211 | D:1      | Reached XP level 2. HP: 17/17 MP: 3/5
   392 | D:1      | Reached skill level 3 in Stealth
   990 | D:2      | Reached XP level 3. HP: 21/21 MP: 4/6
  1036 | D:2      | Learned a level 2 spell: Poisonous Vapours
  1040 | D:2      | Learned a level 3 spell: Mephitic Cloud
  1308 | D:2      | Found an opulent altar of Gozag.
  1425 | D:2      | Became a worshipper of Gozag Ym Sagoz the Greedy
  1654 | D:2      | Reached XP level 4. HP: 23/27 MP: 2/7
  1918 | D:3      | Found an iron altar of Okawaru.
  1929 | D:3      | Found a shimmering blue altar of Sif Muna.
  2142 | D:3      | You fall into a shaft and drop 3 floors!
  2292 | D:5      | Entered Level 5 of the Dungeon
  2339 | D:5      | Noticed a scorpion
  2424 | D:5      | Noticed Sigmund
  2432 | D:5      | Killed Sigmund
  2433 | D:5      | Reached skill level 5 in Stealth
  2433 | D:5      | Reached skill level 5 in Poison Magic
  2433 | D:5      | Reached XP level 5. HP: 16/31 MP: 5/8
  2433 | D:5      | Reached XP level 6. HP: 19/36 MP: 5/9
  3781 | D:3      | Found Kuqareja's Magic Scroll Emporium.
  3792 | D:3      | Bought a scroll of blinking for 75 gold pieces
  3792 | D:3      | Bought 2 scrolls of identify for 40 gold pieces
  3792 | D:3      | Bought a scroll of identify for 20 gold pieces
  3792 | D:3      | Bought a scroll of poison for 40 gold pieces
  3792 | D:3      | Bought a scroll of summoning for 95 gold pieces
  4252 | D:3      | Found a faded altar of an unknown god.
  4587 | D:4      | Found Namil's Antique Weapon Emporium.
  4610 | D:4      | Found a snail-covered altar of Cheibriados.
  4685 | D:4      | Found a staircase to the Ecumenical Temple.
  4710 | D:4      | Noticed a black bear
  4716 | D:4      | Killed a black bear
  4717 | D:4      | Reached XP level 7. HP: 31/41 MP: 10/10
  4871 | D:4      | Bought a transparent short sword for 232 gold pieces
  4871 | D:4      | Identified the +2 short sword of Demaloh {holy, rF+ Str+5
                  | Stlth-} (You bought it in a shop on level 4 of the Dungeon)
  5005 | D:4      | Reached skill level 6 in Stealth
  5629 | D:4      | Found a runed translucent gate.
  5630 | D:4      | Found a runed translucent gate.
  5630 | D:4      | Found a runed translucent gate.
  5630 | D:4      | Noticed Sabo's ghost (amateur OpCj)
  5639 | D:4      | Learned a level 4 spell: Olgreb's Toxic Radiance
  5824 | D:5      | Reached skill level 5 in Transmutations
  6050 | D:5      | Reached skill level 1 in Fighting
  6069 | D:5      | Reached skill level 7 in Stealth
  6069 | D:5      | Reached XP level 8. HP: 37/48 MP: 11/11
  7912 | D:6      | Found the amulet of Elemental Vulnerability {rPois rF--
                  | rC-- AC+8}
  7956 | D:6      | Reached skill level 8 in Stealth
  8045 | D:6      | Found an opulent altar of Gozag.
  8093 | D:6      | Found Gozag's Platinum Reserve.
  8298 | D:6      | Slain by an ice beast

Illustrated notes

Levels and vault maps discovered:
D:1:      amcnicky_arrival_choice, layout_basic, chequers_serial_rivers_room_b,
          minmay_tree_intersection, minmay_shallow_snake_nest
D:2:      layout_basic, basic_altar, st_stairs_6
D:3:      layout_loops_corners, overflow_temple_1_default,
          mainiacjoe_overflow_concentric_impassable,
          ebering_ecumenical_altar_hall, serial_shops, shop
D:4:      layout_loops_ring, amcnicky_altar_gilded,
          minmay_temple_entry_gardened_gates, serial_shops,
          nicolae_shop_overgrown_old_shop, gammafunk_ghost_nasty_kobolds,
          nrook_mini_vaults, hangedman_abyss_or_decor_slice, minivault_5
D:5:      layout_basic, kennysheep_generic_room_12, uniq_sigmund
D:6:      layout_basic, nicolae_gozag_zags_fifth_avenue, kennysheep_flooded_box

Skill      XL: |  1  2  3  4  5  6  7  8 |
---------------+-------------------------+-----
Stealth        | 3 5 7 8 |  8.3
Poison Magic   | 4 5 6 7 |  7.0
Transmutations | 2 3 4 5 |  5.0
Fighting       | 1 3 |  3.2
Spellcasting   | 3 |  3.7
Dodging        | |  2.0

Action                   |  1- 3 |  4- 6 |  7- 9 || total
-------------------------+-------+-------+-------++-------
Melee: Whip              |    14 |    27 |       ||    41
       Tentacles         |     5 |    20 |    25 ||    50
       Constrict         |     4 |    17 |    13 ||    34
       Dagger            |       |    45 |    28 ||    73
       Short sword       |       |       |    48 ||    48
       Punch             |       |       |     1 ||     1
 Fire: Sling             |    34 |    51 |    29 ||   114
 Cast: Sting             |    27 |    10 |     9 ||    46
       Poisonous Vapours |     1 |     3 |       ||     4
       Olgreb's Toxic Ra |       |       |     3 ||     3
  Use: Scroll            |     2 |     6 |     3 ||    11
       Potion            |       |       |     2 ||     2
 Stab: Sleeping          |       |     6 |     5 ||    11
Armor: Skin              |     1 |     4 |     2 ||     7
Dodge: Dodged            |    14 |    24 |    49 ||    87
Block: Buckler           |     1 |     9 |     7 ||    17

Table legend: (Time is in decaauts)
 A = Elapsed time spent in this place.
 B = Non-inter-level travel time spent in this place.
 C = Inter-level travel time spent in this place.
 D = Time resting spent in this place.
 E = Time spent auto-exploring this place.
 F = Levels seen in this place.
 G = Mean time per level.
                   A        B        C        D        E       F      G
               +--------+--------+--------+--------+--------+-----+--------+
         Total |   8323 |   7847 |    476 |   3107 |   3432 |   6 | 1387.2 |
       Dungeon |   8323 |   7847 |    476 |   3107 |   3432 |   6 | 1387.2 |
               +--------+--------+--------+--------+--------+-----+--------+

Top non-repeatable levels by time:
     D:5: 2247 daAuts
     D:3: 1745 daAuts
     D:4: 1414 daAuts
     D:2: 1224 daAuts
     D:1: 970 daAuts
     D:6: 722 daAuts
